 Dungeon Crawl Stone Soup version 0.31-a0-544-gceb718ecc6 (webtiles) character file.

Game seed: 10853400638707119718

29763 minhee2137 the Impaler (level 13, -1/177 HPs)
             Began as a Minotaur Berserker on Aug 15, 2023.
             Was a High Priest of Trog.
             Slain by a wolf spider (8 damage)
             ... on level 1 of the Spider Nest.
             The game lasted 00:40:50 (12651 turns).

minhee2137 the Impaler (Minotaur Berserker)        Turns: 12651, Time: 00:40:51

Health: -1/177     AC: 24    Str: 37    XL:     13   Next: 16%
Magic:  12/12      EV: 12    Int:  3    God:    Trog [*****.]
Gold:   1021       SH:  0    Dex:  9    Spells: 12/12 levels left

rFire   . . .        W - +12 glaive of Prune {freeze, Prune}
rCold   . . .        (shield currently unavailable)
rNeg    . . .        a - +8 chain mail {ponderous}
rPois   .            (helmet unavailable)
rElec   .            i - scarf {repulsion}
rCorr   .            (no gloves)
SInv    .            g - +0 pair of boots
Will    .....        q - amulet of the acrobat Stlth
                     (no ring)
HPRegen 0.49/turn    R - +6 ring of strength
MPRegen 0.13/turn

%: repel missiles, acrobat
@: berserking, very quick
A: horns 3, retaliatory headbutt, talons 1, iridescent scales 1, screaming 1,
strong 1
a: Renounce Religion, Berserk, Trog's Hand, Brothers in Arms


You were on level 1 of the Spider Nest.
You worshipped Trog.
Trog was extremely pleased with you.
You visited 3 branches of the dungeon, and saw 14 of its levels.
You also visited: Ossuary and Gauntlet.

You collected 1021 gold pieces.

Inventory:

Hand Weapons
 n - a +4 heavy bardiche
 S - a +3 broad axe of flaming
 V - the +5 demon trident of the Heavens {flame, +Blink rF++ Will+ Dex-4}
   (You acquired it on level 11 of the Dungeon)

   Dex-4:     It affects your dexterity (-4).
   rF++:      It greatly protects you from fire.
   Will+:     It increases your willpower.
   +Blink:    It lets you blink.
 W - the +12 glaive of Prune (weapon) {freeze, Prune}
   (You acquired it on level 11 of the Dungeon)

   Prune:     It halves damage taken while paralysed, petrified or unconscious.
Missiles
 s - 3 throwing nets
Armour
 a - a +8 chain mail of ponderousness (worn)
 d - a +0 kite shield
 g - a +0 pair of boots (worn)
 i - a scarf of repulsion (worn)
 y - a +4 scale mail of cold resistance
Jewellery
 c - a +6 ring of intelligence
 p - a ring of ice
 q - an amulet of the acrobat (around neck)
 R - a +6 ring of strength (right hand)
 Y - the ring of Gedump {Ice rElec rPois rN+}
   (You found it in a Gauntlet)

   [ring of ice]

   Ice:       It enhances your ice magic.
   rF-:       It makes you vulnerable to fire.
   rC+:       It protects you from cold.
   rElec:     It insulates you from electricity.
   rPois:     It protects you from poison rN+: It protects you from negative
   energy.
Talismans
 h - a serpent talisman
 r - a beast talisman
Wands
 b - a wand of flame (5)
 e - a wand of roots (14)
 f - a wand of polymorph (3)
 j - a wand of paralysis (4)
 B - a wand of quicksilver (8)
Scrolls
 m - 2 scrolls of revelation
 o - 7 scrolls of identify
 C - a scroll of fear
 F - 3 scrolls of teleportation
 L - a scroll of torment
 M - a scroll of vulnerability
 T - 2 scrolls of blinking
 U - a scroll of enchant weapon
 X - a scroll of enchant armour
 Z - 2 scrolls of summoning
Potions
 k - 5 potions of curing
 l - 2 potions of lignification
 u - 3 potions of enlightenment
 x - 6 potions of berserk rage
 H - 2 potions of brilliance
 O - 2 potions of attraction


   Skills:
 + Level 12.2 Fighting
 + Level 3.6 Short Blades
 + Level 8.7(13.7) Axes
 + Level 5.3(7.7) Maces & Flails
 + Level 15.8(16.6) Polearms
 + Level 12.5 Armour
 + Level 8.0 Dodging
 + Level 2.3 Stealth


You had 12 spell levels left.
You didn't know any spells.
Your spell library contained the following spells:

 Spells                   Type           Power      Damage    Failure   Level
 Inner Flame              Hex/Fire       0%         N/A       99%         3
 Yara's Violent Unravell  Hex/Tmut       0%         3d3       100%        5
 Enfeeble                 Hex            0%         N/A       100%        7


Dungeon Overview and Level Annotations

Branches:
Dungeon (11/15)            Temple (0/1) D:6            Lair (2/5) D:11
 Spider (1/4) Lair:2      Ossuary (visited)         Gauntlet (visited)
  Swamp: Lair:2-3    Shoals: Lair:2-3       Orc: D:9-12

Altars:
Elyvilon
Gozag
Hepliaklqana
Kikubaaqudgha
Makhleb
Okawaru
Trog
Uskayaw
Vehumet
The Shining One

Shops:
D:2 (![   D:6 ==   D:7 *[   D:10 [

Portals:
Trove: D:11 (give 4 scrolls of blinking)


Innate Abilities, Weirdness & Mutations

You have a pair of large horns on your head.
You reflexively headbutt those who attack you in melee.
You have sharp toenails.
You are partially covered in iridescent scales. (AC +2)
You occasionally shout uncontrollably at your foes.
Your muscles are strong. (Str +4, Int/Dex -1)


Message History

The tarantella barely misses you.
The radroach bites you but does no damage.
The radroach closely misses you.
You feel better. The wolf spider hits you. The wolf spider closely misses you.
The tarantella touches you but does no damage.
The wolf spider hits you!
* * * LOW HITPOINT WARNING * * *
The wolf spider bites you but does no damage.
The radroach bites you.
* * * LOW HITPOINT WARNING * * *
The radroach claws you but does no damage.
The tarantella touches you but does no damage.
A red film seems to cover your vision as you go berserk!
You feel yourself moving faster!
You feel mighty! The wolf spider hits you!
* * * LOW HITPOINT WARNING * * *
The wolf spider bites you but does no damage.
The tarantella closely misses you. You furiously retaliate!
You headbutt the tarantella!! The jumping spider barely misses you.
The jumping spider bites you but does no damage.
The radroach bites you!!
* * * LOW HITPOINT WARNING * * *
The radroach claws you.
* * * LOW HITPOINT WARNING * * *
You slash the tarantella! You freeze the tarantella.
You kill the tarantella!
Trog accepts your kill.
A freezing mist starts to gather...
A tarantella simulacrum comes into view.
You yell at the tarantella simulacrum!
You hear a faint skittering sound. x2
The wolf spider barely misses you. You furiously retaliate!
You headbutt the wolf spider! The wolf spider barely misses you.
The jumping spider leaps!
You chop the radroach into pieces!!! You freeze the radroach.
You kill the radroach!
Trog accepts your kill.
A freezing mist starts to gather...
A radroach simulacrum comes into view.
The wolf spider hits you!
You die...

....##### ##
#.....#≈≈≈≈≈
###......#~≈≈≈
.......##.~≈≈
....s.#..≈≈≈
##......~≈≈≈
##...^..~~~≈≈
##....<~~~≈≈≈≈
#..@°##~~≈~~≈≈
#Zs.## ....≈#≈
#Z..# ......~
#.^.. ......~
#.... s..#.##
##...# .s####
#..## .## ####


You could see a wolf spider (soul bound), a jumping spider, a tarantella
simulacrum and a radroach simulacrum.

Vanquished Creatures
  A minotaur (Gauntlet)
  A blizzard demon (Gauntlet)
  Harold (Lair:2)
  Fannar (Lair:2)
  The ghost of LobsterGuardian the Cleaver, a journeyman DsGl of Uskayaw (D:10)
  A hydra (Lair:2)
  A boulder beetle (Lair:1)
  A radroach (Spider:1)
  A centaur warrior (D:9)
  2 two-headed ogres
  2 death yaks (Lair:2)
  Nergalle (Lair:2)
  A skyshark (Lair:2)
  A pharaoh ant (Spider:1)
  Jeremiah (D:6)
  A cyclops (D:11)
  3 ugly things
  A worldbinder (Gauntlet)
  5 elephants (Lair:1)
  A black mamba (Lair:1)
  Maggie (D:9)
  A torpor snail (Lair:2)
  Psyche (D:8)
  A cane toad (Lair:2)
  6 komodo dragons
  3 rime drakes
  2 wolf spider simulacra (Gauntlet)
  2 polar bears
  A tarantella (Spider:1)
  A hornet (D:8)
  15 blink frogs
  4 slime creatures (D:9)
  2 jumping spiders (Lair:2)
  2 centaur simulacra (Gauntlet)
  Sigmund (D:2)
  A wyvern (D:9)
  A wraith (Ossuary)
  12 yaks
  A steam dragon (D:8)
  4 water moccasins
  A sky beast (D:8)
  A black bear (D:8)
  2 ogres
  3 orc warriors
  An ice dragon simulacrum (Gauntlet)
  3 ice beasts
  4 centaurs
  A phantom (D:7)
  2 boggarts (Gauntlet)
  9 bullfrogs
  7 gnoll sergeants
  3 scorpions
  4 elf skeletons (D:6)
  3 wights (D:7)
  3 killer bees (D:6)
  7 howler monkeys
  A lava snake (D:10)
  7 hounds
  2 jellies
  A gnoll bouda (D:7)
  A human zombie (D:6)
  4 orc priests
  3 iguanas
  2 sleepcaps (D:5)
  Ijyb (D:4)
  2 human skeletons (D:6)
  8 orc wizards
  2 hell rats (Lair:1)
  3 mummies (Ossuary)
  28 gnolls
  15 adders
  7 river rats (Lair:1)
  A shadow imp (D:6)
  A worm (D:3)
  2 dart slugs
  40 orcs
  3 ball pythons (D:1)
  12 bats
  9 endoplasms
  9 giant cockroaches
  9 goblins
  7 hobgoblins
  8 jackals
  3 quokkas
  2 goblin zombies (Ossuary)
  2 hobgoblin zombies (Ossuary)
  5 kobolds
  4 kobold zombies (Ossuary)
  3 orc skeletons (D:6)
  2 orc zombies
  10 rats
363 creatures vanquished.

Vanquished Creatures (collateral kills)
  2 bats (D:10)
2 creatures vanquished.

Grand Total: 365 creatures vanquished

Notes
Turn   | Place    | Note
-------+----------+-------------------------------------------
     0 | D:1      | minhee2137 the Minotaur Berserker began the quest for the
                  | Orb.
     0 | D:1      | Reached XP level 1. HP: 19/19 MP: 0/0
   570 | D:1      | Reached XP level 2. HP: 27/27 MP: 1/1
  1025 | D:2      | Found Jeczoshrico's Distillery.
  1120 | D:2      | Noticed Sigmund
  1138 | D:2      | Killed Sigmund
  1139 | D:2      | Reached skill level 5 in Maces & Flails
  1139 | D:2      | Reached XP level 3. HP: 35/35 MP: 2/2
  1139 | D:2      | Reached XP level 4. HP: 41/41 MP: 3/3
  1139 | D:2      | Reached XP level 5. HP: 47/47 MP: 4/4
  1172 | D:2      | Reached skill level 5 in Fighting
  1460 | D:2      | Found Diloo's Antique Armour Shoppe.
  1615 | D:2      | Found a faded altar of an unknown god.
  1687 | D:2      | Reached ** piety under Trog
  1762 | D:2      | Found Ugulom's Weapon Shop.
  2225 | D:3      | You fall into a shaft and drop 2 floors!
  2225 | D:5      | Entered Level 5 of the Dungeon
  2241 | D:5      | Reached XP level 6. HP: 36/56 MP: 5/5
  2260 | D:5      | Reached skill level 1 in Polearms
  2338 | D:5      | Reached skill level 2 in Polearms
  2524 | D:4      | Reached skill level 3 in Polearms
  2589 | D:4      | Reached skill level 5 in Armour
  2589 | D:4      | Reached XP level 7. HP: 52/61 MP: 6/6
  2816 | D:3      | Found an ancient bone altar of Kikubaaqudgha.
  2817 | D:3      | Found an iron altar of Okawaru.
  3100 | D:4      | Noticed Ijyb
  3112 | D:4      | Killed Ijyb
  3188 | D:4      | Reached *** piety under Trog
  3192 | D:4      | Reached skill level 4 in Polearms
  3236 | D:4      | Identified the +10 dagger of the Tiger {protect, rElec rN+
                  | Will- Str+3 Int+3}
  3724 | D:5      | Reached skill level 5 in Polearms
  4300 | D:6      | Found Qauperch's Jewellery Shop.
  4300 | D:6      | Found Vigoj's Book Shop.
  4300 | D:6      | Found Evisioj's Jewellery Shop.
  4362 | D:6      | Reached skill level 1 in Short Blades
  4362 | D:6      | Reached XP level 8. HP: 51/71 MP: 7/7
  4618 | D:6      | Found a sand-covered staircase.
  4662 | Ossuary  | Entered an ossuary
  4690 | Ossuary  | Reached **** piety under Trog
  4929 | Ossuary  | Reached skill level 6 in Polearms
  5336 | D:6      | Reached skill level 7 in Polearms
  5362 | D:6      | Gained mutation: You have a pair of large horns on your
                  | head. [potion of mutation]
  5362 | D:6      | Gained mutation: You occasionally shout uncontrollably at
                  | your foes. [potion of mutation]
  5362 | D:6      | Gained mutation: Your spells are a little harder to cast,
                  | but a little more powerful. [potion of mutation]
  5362 | D:6      | Gained mutation: You have hidden genetic potential. [potion
                  | of mutation]
  5386 | D:6      | Reached XP level 9. HP: 47/79 MP: 8/8
  5401 | D:6      | Noticed Jeremiah
  5454 | D:6      | Killed Jeremiah
  5455 | D:6      | Reached skill level 8 in Polearms
  5639 | D:6      | Found a staircase to the Ecumenical Temple.
  5970 | D:7      | Reached skill level 9 in Polearms
  5977 | D:7      | Noticed a purple ugly thing
  5979 | D:7      | Reached skill level 5 in Dodging
  5987 | D:7      | Killed a purple ugly thing
  5987 | D:7      | Gained mutation: Your system is resistant to poisons.
                  | (rPois) [hidden potential]
  6066 | D:7      | Reached XP level 10. HP: 42/88 MP: 9/9
  6123 | D:7      | Found an opulent altar of Gozag.
  6403 | D:7      | Found Soceagow's General Store.
  6413 | D:7      | Found Etocsin's Antique Armour Boutique.
  6456 | D:7      | Reached skill level 10 in Polearms
  6481 | D:7      | Reached skill level 1 in Stealth
  6765 | D:7      | Lost mutation: Your spells are a little harder to cast, but
                  | a little more powerful. [potion of mutation]
  6765 | D:7      | Lost mutation: Your system is resistant to poisons. (rPois)
                  | [potion of mutation]
  6765 | D:7      | Gained mutation: You have sharp toenails. [potion of
                  | mutation]
  6765 | D:7      | Gained mutation: You are partially covered in iridescent
                  | scales. (AC +2) [potion of mutation]
  6956 | D:8      | Found a burning altar of Makhleb.
  7066 | D:8      | Found a white marble altar of Elyvilon.
  7066 | D:8      | Found a hazy altar of Hepliaklqana.
  7160 | D:8      | Reached ***** piety under Trog
  7342 | D:8      | Noticed Psyche
  7347 | D:8      | Killed Psyche
  7403 | D:8      | Gained mutation: Your muscles are strong. (Str +4, Int/Dex
                  | -1) [hidden potential]
  7403 | D:8      | Lost mutation: You have hidden genetic potential. [hidden
                  | potential expressed]
  7712 | D:8      | Found a radiant altar of Vehumet.
  7787 | D:9      | Found a hide-covered altar of Uskayaw.
  7841 | D:9      | Found a glowing golden altar of the Shining One.
  7953 | D:9      | Noticed Maggie
  7960 | D:9      | Killed Maggie
  7961 | D:9      | Reached skill level 11 in Polearms
  8077 | D:9      | Noticed a centaur warrior
  8080 | D:9      | Noticed a cyan ugly thing
  8087 | D:9      | Killed a centaur warrior
  8088 | D:9      | Reached skill level 1 in Axes
  8092 | D:9      | Killed a cyan ugly thing
  8103 | D:9      | Noticed a green ugly thing
  8112 | D:9      | Killed a green ugly thing
  8591 | D:9      | Reached skill level 10 in Armour
  8591 | D:9      | Reached XP level 11. HP: 77/97 MP: 10/10
  8767 | D:9      | Noticed a two-headed ogre
  8772 | D:9      | Killed a two-headed ogre
  8885 | D:10     | Entered Level 10 of the Dungeon
  8889 | D:10     | Reached skill level 5 in Axes
  8906 | D:10     | Found a runed translucent door.
  8906 | D:10     | Noticed LobsterGuardian's ghost (journeyman DsGl)
  8927 | D:10     | Killed LobsterGuardian's ghost
  9179 | D:10     | Found Tukivutt's Antique Armour Shoppe.
  9260 | D:10     | Found a bloodstained altar of Trog.
  9393 | D:10     | Noticed a two-headed ogre
  9400 | D:10     | Killed a two-headed ogre
  9401 | D:10     | Reached skill level 10 in Fighting
  9785 | D:11     | Identified a scroll of acquirement
  9785 | D:11     | Acquired the +5 demon trident of the Heavens {flame, +Blink
                  | rF++ Will+ Dex-4}
  9832 | D:11     | Acquired the +12 glaive of Prune {freeze, Prune}
  9832 | D:11     | Found the +12 glaive of Prune {freeze, Prune}
  9846 | D:11     | Found a portal to a secret trove of treasure.
  9851 | D:11     | Found a gate leading to a gauntlet.
  9866 | Gauntlet | Entered a Gauntlet
  9866 | Gauntlet | Found a transporter.
  9866 | Gauntlet | Found a transporter.
  9866 | Gauntlet | Found a transporter.
  9867 | Gauntlet | Found a transporter.
  9870 | Gauntlet | Found a transporter.
  9870 | Gauntlet | Found a transporter.
  9902 | Gauntlet | Noticed a deep elf pyromancer
  9951 | Gauntlet | Noticed a blizzard demon
  9954 | Gauntlet | Found a transporter.
  9960 | Gauntlet | Killed a blizzard demon
  9967 | Gauntlet | Found a transporter.
  9971 | Gauntlet | Identified the ring of Gedump {Ice rElec rPois rN+}
 10098 | Gauntlet | Found a transporter.
 10105 | Gauntlet | Reached skill level 12 in Polearms
 10118 | Gauntlet | Identified the +0 cloak of Hedging {*Slow rPois Str+6}
 10138 | Gauntlet | Found a transporter.
 10157 | Gauntlet | Noticed a minotaur
 10169 | Gauntlet | Killed a minotaur
 10347 | Gauntlet | Noticed a hell beast
 10427 | D:11     | Found a staircase to the Lair.
 10476 | Lair:1   | Entered Level 1 of the Lair of Beasts
 10607 | Lair:1   | Reached XP level 12. HP: 108/108 MP: 11/11
 10665 | Lair:1   | Reached skill level 13 in Polearms
 10886 | Lair:1   | Noticed a boulder beetle
 10894 | Lair:1   | Killed a boulder beetle
 10969 | Lair:1   | Found a dark tunnel.
 11022 | Lair:1   | Reached skill level 14 in Polearms
 11613 | Lair:2   | Found a hole to the Spider Nest.
 11614 | Lair:2   | Noticed Nergalle
 11626 | Lair:2   | Killed Nergalle
 11644 | Lair:2   | Noticed a death yak
 11644 | Lair:2   | Noticed a death yak
 11648 | Lair:2   | Killed a death yak
 11649 | Lair:2   | Killed a death yak
 11742 | Lair:2   | Reached skill level 15 in Polearms
 12097 | Lair:2   | Received a gift from Trog
 12098 | Lair:2   | Reached XP level 13. HP: 115/117 MP: 12/12
 12152 | Lair:2   | Noticed Fannar
 12163 | Lair:2   | Killed Fannar
 12256 | Lair:2   | Noticed Harold
 12267 | Lair:2   | Killed Harold
 12633 | Spider:1 | Entered Level 1 of the Spider Nest
 12649 | Spider:1 | HP: 8/177 [radroach (19)]
 12651 | Spider:1 | Slain by a wolf spider

Illustrated notes

Levels and vault maps discovered:
D:1:      psy_arrival_conway, layout_basic, minmay_tromino_v7
D:2:      layout_basic, serial_shops, shop, nicolae_shop_hallway_stairs,
          shop_statue, shapermc_ecumenical_altar_gd, uniq_sigmund
D:3:      layout_rooms, mainiacjoe_overflow_divided_tiny
D:4:      minmay_clustersquares, layout_loops_ring, dk_noncrumbling_3, uniq_ijyb
D:5:      layout_gridville, portal_sewer_entry_f
D:6:      layout_gridville, minmay_temple_entry_statues_fountains,
          nicolae_ossuary_entry_catacombs, nicolae_shop_distant_corner_stores,
          chequers_serial_rivers_micro_b, fountainhead, uniq_jeremiah
D:7:      layout_cave_pools, mainiacjoe_overflow_paths, serial_gnoll_camp,
          gnoll_camp_mini_hut, gnoll_camp_mini_shop, gnoll_camp_huts_basic,
          gnoll_camp_mini_sergeant, gnoll_camp_mini_hut, gnoll_camp_mini_house,
          serial_shops, shop
D:8:      layout_cave_pods, mainiacjoe_overflow_alcove_2,
          mainiacjoe_overflow_alcove_1, gammafunk_temple_overflow_elements,
          uniq_psyche
D:9:      layout_roguey, tso_oasis_becter, eat_drink_and_be_merry_uskayaw,
          minmay_diamond_spiral, uniq_maggie
D:10:     layout_cave_pools, trog_book, serial_shops,
          nicolae_shop_real_fake_doors, gammafunk_ghost_grave,
          chequers_serial_rivers_small_3, kennysheep_path_1,
          kennysheep_cross_room, roderic_batcave
D:11:     layout_big_octagon, lair_entry_dummy, gauntlet_entry_generic,
          enter_trove_2, serial_shops, nicolae_shop_crystal
Lair:1:   layout_regular_city, lightli_volcano_entry_magma_tube,
          kennysheep_abandoned_house, infiniplex_staircase_pool_2,
          serial_bayou_shore_b
Lair:2:   layout_roguey, spider_nest_entry_a, st_stairs_9, grunt_megastairs_2,
          uniq_harold, uniq_nergalle, uniq_fannar
Spider:1: layout_spider_delve

Skill      XL: |  1  2  3  4  5  6  7  8  9 10 11 12 13 |
---------------+----------------------------------------+-----
Maces & Flails | 4 5 |  5.3
Fighting       | 4 5 6 7 8 9 10 11 12 | 12.2
Armour         | 3 4 5 7 8 10 12 | 12.5
Dodging        | 3 4 6 7 8 |  8.0
Polearms       | 3 5 7 9 11 12 15 | 15.8
Short Blades   | 1 3 |  3.6
Stealth        | 1 2 |  2.3
Axes           | 3 8 |  8.7

Action                     |  1- 3 |  4- 6 |  7- 9 | 10-12 | 13-15 || total
---------------------------+-------+-------+-------+-------+-------++-------
  Melee: Mace              |    90 |       |       |       |       ||    90
         Headbutt          |    21 |    20 |    52 |    61 |     4 ||   158
         Halberd           |       |   107 |   201 |       |       ||   308
         Dagger            |       |       |    80 |       |       ||    80
         Glaive            |       |       |    34 |   244 |    29 ||   307
         Broad axe         |       |       |       |    80 |       ||    80
         Demon trident     |       |       |       |     3 |       ||     3
         Punch             |       |       |       |     1 |       ||     1
 Invoke: Berserk           |     1 |     1 |     9 |     9 |     1 ||    21
         Trog's Hand       |       |     1 |       |       |       ||     1
         Brothers in Arms  |       |       |       |     1 |       ||     1
    Use: Scroll            |     2 |     3 |    10 |     9 |       ||    24
         Potion            |     2 |     2 |    10 |     4 |     1 ||    19
 Armour: Plate armour      |     6 |   114 |    57 |       |       ||   177
         Ring mail         |     6 |       |       |       |       ||     6
         Scale mail        |       |       |    95 |   114 |       ||   209
         Chain mail        |       |       |       |   122 |    50 ||   172
  Dodge: Dodged            |    27 |    77 |   419 |   459 |    40 ||  1022
         Repelled          |       |       |       |     3 |     2 ||     5

Table legend: (Time is in decaauts)
 A = Elapsed time spent in this place.
 B = Non-inter-level travel time spent in this place.
 C = Inter-level travel time spent in this place.
 D = Time resting spent in this place.
 E = Time spent auto-exploring this place.
 F = Levels seen in this place.
 G = Mean time per level.
                   A        B        C        D        E       F      G
               +--------+--------+--------+--------+--------+-----+--------+
         Total |  13182 |  13182 |      0 |      0 |   6943 |  16 |  823.9 |
       Dungeon |   9715 |   9715 |      0 |      0 |   5032 |  11 |  883.2 |
          Lair |   2321 |   2321 |      0 |      0 |   1515 |   2 | 1160.5 |
   Spider Nest |     16 |     16 |      0 |      0 |      0 |   1 |   16.0 |
       Ossuary |    600 |    600 |      0 |      0 |    217 |   1 |  600.0 |
      Gauntlet |    528 |    528 |      0 |      0 |    178 |   1 |  528.0 |
               +--------+--------+--------+--------+--------+-----+--------+

Top non-repeatable levels by time:
  Lair:1: 1230 daAuts
     D:2: 1183 daAuts
     D:9: 1128 daAuts
     D:6: 1105 daAuts
  Lair:2: 1091 daAuts
     D:1: 1013 daAuts
     D:8: 960 daAuts
     D:4: 936 daAuts
     D:7: 927 daAuts
    D:10: 898 daAuts
     D:5: 802 daAuts
 Ossuary: 600 daAuts
     D:3: 553 daAuts
Gauntlet: 528 daAuts
    D:11: 207 daAuts
